 Dungeon Crawl Stone Soup version 0.30.0-5-g1a98f26d00 (webtiles) character file.

Game seed: 9345721050978980055

55 monsoonserge the Trooper (level 3, -1/41 HPs)
             Began as an Ogre Chaos Knight on May 10, 2023.
             Was a Plaything of Xom.
             Succumbed to an adder's poison
             ... on level 3 of the Dungeon.
             The game lasted 00:08:34 (1814 turns).

monsoonserge the Trooper (Ogre Chaos Knight)        Turns: 1814, Time: 00:08:35

Health: -1/41      AC:  5    Str: 18    XL:     3   Next: 93%
Magic:  3/3        EV:  1    Int: 13    God:    Xom [....*.]
Gold:   65         SH:  0    Dex: -14 (8) Spells: 2/2 levels left

rFire   . . .        a - +0 mace (chaos)
rCold   . . .        (no shield)
rNeg    . . .        b - +2 robe
rPois   .            (helmet restricted)
rElec   .            (no cloak)
rCorr   .            (gloves unavailable)
SInv    .            (boots unavailable)
Will    .....        (no amulet) Stlth
                     (no ring)
HPRegen 0.26/turn    (no ring)
MPRegen 0.08/turn

%: no passive effects
@: lethally poisoned (-1 -> -4), on berserk cooldown, slowed, lost dexterity,
very slow
A: large, unfitting armour, tough skin 1, MP-powered wands
a: Renounce Religion


You were on level 3 of the Dungeon.
You worshipped Xom.
You were a beloved toy of Xom.
You visited 1 branch of the dungeon, and saw 3 of its levels.

You collected 65 gold pieces.

Inventory:

Hand Weapons
 a - a +0 mace of chaos (weapon)
Missiles
 d - 61 stones
 g - 6 poisoned darts
 n - 3 datura-tipped darts
Armour
 b - a +2 robe (worn)
Scrolls
 e - 7 scrolls of identify {unknown}
 h - 2 scrolls of noise {unknown}
 m - a scroll of teleportation {unknown}
 o - a scroll of enchant weapon {unknown}
 p - a scroll of blinking {unknown}
Potions
 i - a potion of ambrosia
 k - 2 potions of heal wounds
 l - a potion of brilliance {unknown}
 q - a potion of invisibility {unknown}
Miscellaneous
 c - a piece from Xom's chessboard (12/15) (quivered)


   Skills:
 + Level 4.9 Fighting
 + Level 3.6 Maces & Flails
 + Level 2.4 Dodging


You had 2 spell levels left.
You didn't know any spells.
Your spell library contained the following spells:

 Spells                   Type           Power      Damage    Failure   Level
 Sublimation of Blood     Necr           0%         N/A       43%         2
 Wereblood                Tmut           0%         N/A       43%         2
 Petrify                  Tmut/Erth      0%         N/A       97%         4
 Irradiate                Conj/Tmut      0%         3d11      100%        5
 Summon Hydra             Summ           0%         N/A       100%        7


Dungeon Overview and Level Annotations

Branches:
Dungeon (3/15)

Altars:
Nemelex Xobeh
Xom


Innate Abilities, Weirdness & Mutations

You are too large for most types of armour.
You have tough skin. (AC +1)
You expend magic power (3 MP) to strengthen your wands.


Message History

You are no longer poisoned.
Something bites you but does no damage. x2
You barely miss something. Something bites you but does no damage.
Something bites you.
* * * LOW HITPOINT WARNING * * *
You are poisoned.
Something poisons you! Something bites you.
* * * LOW HITPOINT WARNING * * *
Unknown command.
It was a potion of berserk rage.
A red film seems to cover your vision as you go berserk!
You feel yourself moving faster!
You feel mighty!
* * * LOW HITPOINT WARNING * * *
You feel very sick.
Something bites you but does no damage. x2
You barely miss something.
You feel sick. Something bites you.
* * * LOW HITPOINT WARNING * * *
You miss something.
* * * LOW HITPOINT WARNING * * *
You feel sick.
Something bites you but does no damage. x2
You miss something.
* * * LOW HITPOINT WARNING * * *
You feel sick.
Something bites you but does no damage. x2
You closely miss something.
* * * LOW HITPOINT WARNING * * *
You feel sick.
You are no longer poisoned.
Something bites you but does no damage.
You closely miss something.
Something bites you but does no damage. x2
You barely miss something. Something bites you but does no damage.
You miss something. Something bites you.
* * * LOW HITPOINT WARNING * * *
You are lethally poisoned!
Something poisons you! Something bites you but does no damage.
You completely miss something.
You are no longer berserk.
You are exhausted.
You feel yourself slow down.
You die...
Xom is highly amused!

..# #.....†....# ..#
#.#####..###.# ..# #.#
##.....# .####.#
####.###.# ......#
#......#
#####.###.###..###
...##............# .
...######.#...##.###....
................@{......
...######.#...####......
...# #.##.######.....
..## #.........# ....
.## #..######.# ... .#
#..# #.# +# .#
#..######.# .#
#......##.# .#
##.###.##.#


There were no monsters in sight!

Vanquished Creatures
  2 adders (D:2)
  A worm (D:2)
  A dart slug (D:2)
  3 bats
  2 endoplasms
  A giant cockroach (D:3)
  3 hobgoblins (D:2)
  4 quokkas
  3 ball pythons
  4 frilled lizards
  3 kobolds
  2 rats
29 creatures vanquished.

Vanquished Creatures (collateral kills)
  2 bats (D:1)
  An endoplasm (D:1)
  A kobold (D:1)
4 creatures vanquished.

Vanquished Creatures (others)
  A kobold zombie (D:2)
1 creature vanquished.

Grand Total: 34 creatures vanquished

Notes
Turn   | Place    | Note
-------+----------+-------------------------------------------
     0 | D:1      | monsoonserge the Ogre Chaos Knight began the quest for the
                  | Orb.
     0 | D:1      | Reached XP level 1. HP: 24/24 MP: 1/1
    23 | D:1      | XOM: divination: magic mapping
    33 | D:1      | XOM: divination: magic mapping
   245 | D:1      | XOM: cast spell 'Summon Dragon'
   304 | D:1      | XOM: summons 1 hostile demon
   305 | D:1      | Noticed a quasit
   307 | D:1      | Reached XP level 2. HP: 31/32 MP: 2/2
   314 | D:1      | Found a faded altar of an unknown god.
   436 | D:1      | XOM: divination: detect items
   782 | D:2      | Found a sparkling altar of Nemelex Xobeh.
   895 | D:2      | Reached XP level 3. HP: 40/40 MP: 3/3
  1050 | D:2      | XOM: scenery: create altars
  1233 | D:2      | XOM: cloud trail
  1246 | D:2      | XOM: summons 2 hostile demons
  1293 | D:2      | XOM: summons 2 hostile demons
  1305 | D:2      | Lost dexterity.
  1470 | D:2      | XOM: chaos upgrade
  1672 | D:3      | XOM: cloud trail
  1708 | D:3      | XOM: 7-stop teleportation journey
  1792 | D:3      | Gained mutation: You expend magic power (3 MP) to
                  | strengthen your wands. [potion of mutation]
  1792 | D:3      | HP: 2/41 [adder (2)]
  1808 | D:3      | HP: 3/61 [poisoned by an adder]
  1810 | D:3      | HP: 1/61 [poisoned by an adder]
  1814 | D:3      | Succumbed to an adder's poison

Illustrated notes

Levels and vault maps discovered:
D:1:      psy_arrival_conway, layout_loops_ring,
          chequers_ecumenical_altar_island
D:2:      layout_basic, basic_altar, grunt_decor_resistance
D:3:      layout_loops_corners, chei_slow_surprise, minmay_quantized

Skill      XL: |  1  2 |
---------------+-------+-----
Maces & Flails | 3 |  3.6
Fighting       | |  4.9
Dodging        | |  2.4

Action                     || total
---------------------------++-------
  Melee: Mace              ||   151
  Evoke: Piece from Xom's  ||     3
    Use: Potion            ||     5
 Armour: Robe              ||   233
  Dodge: Dodged            ||    88
